 Dungeon Crawl Stone Soup version 0.26.1-10-gdfb7c7de75 (webtiles) character file.

Game seed: 4258790822805557316

16 Revguard the Sneak (level 2, -2/13 HPs)
             Began as a Spriggan Enchanter on Apr 2, 2021.
             Slain by Natasha (3 damage)
             ... on level 2 of the Dungeon.
             The game lasted 00:04:31 (1222 turns).

Revguard the Sneak (Spriggan Enchanter)             Turns: 1222, Time: 00:04:32

Health: -2/13      AC:  2    Str:  4    XL:     2   Next: 41%
Magic:  0/6        EV: 18    Int: 16    God:
Gold:   13         SH:  0    Dex: 16    Spells: 3/6 levels left

rFire    . . .     SeeInvis +   a - +1 dagger
rCold    . . .     Faith    .   (shield restricted)
rNeg     . . .     Spirit   .   b - +0 robe
rPois    .         Reflect  .   (helmet restricted)
rElec    .         Harm     .   (no cloak)
rCorr    .         Rampage  .   (gloves unavailable)
Will     .....                  (boots unavailable)
Stlth    +++.......             (no amulet)
HPRegen  0.04/turn              (no ring)
MPRegen  0.10/turn              (no ring)

@: very quick
A: very small, unfitting armour, see invisible, speed 3
a: no special abilities


You were on level 2 of the Dungeon.
You visited 1 branch of the dungeon, and saw 2 of its levels.

You collected 13 gold pieces.

Inventory:

Hand Weapons
 a - a +1 dagger (weapon)
Missiles
 f - 2 throwing nets
Armour
 b - a +0 robe (worn)
Scrolls
 c - a scroll of teleportation {unknown}
 d - 2 scrolls of enchant armour {unknown}
 g - a scroll of identify {unknown}
Potions
 e - a potion of curing


   Skills:
 + Level 1.3 Short Blades
 + Level 3.3 Dodging
 + Level 5.0 Stealth
 + Level 2.8 Spellcasting
 + Level 3.9 Hexes


You had 3 spell levels left.
You knew the following spells:

 Your Spells              Type           Power        Failure   Level
a - Corona                Hex            15%          3%          1
b - Ensorcelled Hibernat  Hex/Ice        16%          13%         2

Your spell library contained the following spells:

 Spells                   Type           Power        Failure   Level
 Confusing Touch          Hex            14%          12%         3
 Tukima's Dance           Hex            14%          12%         3
 Dazzling Flash           Conj/Hex       16%          26%         3


Dungeon Overview and Level Annotations

Branches:
Dungeon (2/15)

Altars:

Annotations:
D:2 Natasha


Innate Abilities, Weirdness & Mutations

You are very small and have problems with some larger weapons.
You are too small for most types of armour.
You have supernaturally acute eyesight. (SInv)
You cover ground extremely quickly.


Message History

Press: ? - help, Shift-Dir - straight line, f/p - Natasha
Aim: Natasha (chance to affect: 39%) Natasha resists with some effort.
Natasha closely misses you.
You hit Natasha but do no damage. Natasha barely misses you.
Aiming: Corona (safe; 3% risk of failure)
Press: ? - help, Q - select action, (/) - cycle Shift-Dir - straight line, f/p - Natasha
Aim: Natasha (chance to affect: 50%) Natasha struggles to resist.
Natasha misses you. Natasha completely misses you.
You closely miss Natasha. Natasha closely misses you.
You hit Natasha.
Natasha is moderately wounded.
Natasha claws you!
Ouch! That really hurt!
* * * LOW HITPOINT WARNING * * *
You barely miss Natasha.
Natasha is moderately wounded.
Natasha claws you.
You die...

# .# #.# ...
###.# ## #...#
.###
#@#####...#
#.hb#$.?#.## #
###5#.#....#.#
#.K..b#...#.##
#.#...........
#...#...".....
##.#.....?..#
#.#..#...###
#.#.#5.....#


You could see Natasha, a crimson imp (summoned), a bat and a kobold.

Vanquished Creatures
  2 dart slugs (D:1)
  A leopard gecko (D:1)
  2 goblins (D:1)
  2 bats
  A frilled lizard (D:1)
  2 kobolds (D:1)
  2 rats (D:1)
12 creatures vanquished.

Notes
Turn   | Place    | Note
-------+----------+-------------------------------------------
     0 | D:1      | Revguard the Spriggan Enchanter began the quest for the
                  | Orb.
     0 | D:1      | Reached XP level 1. HP: 9/9 MP: 5/5
   558 | D:1      | Reached skill level 5 in Stealth
   642 | D:1      | Reached XP level 2. HP: 6/13 MP: 4/6
   645 | D:1      | Learned a level 2 spell: Ensorcelled Hibernation
  1196 | D:2      | Noticed Natasha
  1203 | D:2      | Noticed a crimson imp
  1222 | D:2      | Slain by Natasha

Illustrated notes

Levels and vault maps discovered:
D:1:      amcnicky_arrival_double_pillar, layout_basic, nrook_campfire,
          minmay_liquid_box, item_on_display_b
D:2:      layout_loops_ring, uniq_sigmund, uniq_natasha

Skill      XL: |  1 |
---------------+----+-----
Stealth        | 5 |  5.0
Short Blades   | |  1.3
Dodging        | |  3.3
Spellcasting   | |  2.8
Hexes          | |  3.9

Action                   || total
-------------------------++-------
Melee: Dagger            ||    51
 Cast: Corona            ||     2
       Ensorcelled Hiber ||     7
  Use: Potion            ||     1
 Stab: Sleeping          ||     3
Armor: Robe              ||    11
Dodge: Dodged            ||    54
